 Dungeon Crawl Stone Soup version 0.30-b1-2-g02819fbbbe (webtiles) character file.

Game seed: 3877276602748608762

8 Alarkh the Insei (level 2, 24/24 HPs)
             Began as a Demonspawn Chaos Knight on May 21, 2023.
             Was a Plaything of Xom.
             Got out of the dungeon alive.
             The game lasted 00:00:26 (211 turns).

Alarkh the Insei (Demonspawn Chaos Knight)           Turns: 211, Time: 00:00:27

Health: 24/24      AC:  5    Str: 12    XL:     2   Next: 0%
Magic:  2/2        EV: 11    Int: 13    God:    Xom [.*....]
Gold:   6          SH:  0    Dex: 12    Spells: 1/1 levels left

rFire   . .          .
                       - Unarmed
rCold   . . .        (no shield)
rNeg    . . .        a - +2 leather armour
rPois   .            (no helmet)
rElec   .            (no cloak)
rCorr   .            (no gloves)
SInv    .            (no boots)
Will    .....        (no amulet)
Stlth   +            (no ring)
HPRegen 0.24/turn    (no ring)
MPRegen 0.08/turn

%: no passive effects
@: no status effects
A: foul stench 1
a: Renounce Religion


You escaped.
You worshipped Xom.
You were a plaything of Xom.
You visited 1 branch of the dungeon, and saw 1 of its levels.

You collected 6 gold pieces.

Inventory:

Armour
 a - a +2 leather armour (worn)
Scrolls
 c - a scroll of magic mapping {unknown}
Miscellaneous
 b - a piece from Xom's chessboard (15/15) (quivered)


   Skills:
 - Level 3.0 Fighting
 - Level 1.7 Armour
 - Level 0.8 Dodging
 + Level 3.2 Unarmed Combat


You had one spell level left.
You didn't know any spells.
Your spell library was empty.

Dungeon Overview and Level Annotations

Branches:
Dungeon (1/15)

Altars:

Shops:
D:1 *


Innate Abilities, Weirdness & Mutations

You may rarely emit foul miasma when damaged in melee.


Message History

The ball python barely misses you. The ball python constricts you.
You hit the ball python.
You kill the ball python!
You have reached level 2!
Your demonic ancestry asserts itself...
You begin to emit a foul stench of rot and decay.
Xom is amused.
Unknown command.
Unknown command.
There is an open door here.
There is an open door here.
You see here a +0 club.
Xom grants you insight.
You feel aware of your surroundings.
You are now a plaything of Xom.
You can't go up here!
Unknown command.
Unknown command.
Unknown command.
Unknown command.
Unknown command. "Whee!"
Your surroundings suddenly seem different.
A ball python, a goblin and a frilled lizard come into view.
Found 21 gold pieces and 4 javelins.
Your surroundings suddenly seem different.
Your surroundings suddenly seem different.
Your surroundings suddenly seem different.
Your surroundings suddenly seem different.
Your surroundings suddenly seem different.
The ball python moves out of view.
The goblin moves out of view.
The frilled lizard moves out of view.
Unknown command.
No target in view!
Unknown command.
Unknown command.
There is a large open door here.
There is a staircase leading out of the dungeon here.
Are you sure you want to leave the Dungeon?
This will make you lose the game!
You have escaped!

........ #.#
..########.# #.#
...........# #.#
...#...###########
#.#
...#...#8≈≈≈≈≈≈≈8#
#.#
...#.#.#.........#
#.#
...#.#.#.........#
#.#
##.#.#.'....8....#
..#
.....#.'....8...@#
###
.###.#.#.§.§.....#
.# #.#.#.§§§.....#
.. #...#8§≈§§≈≈≈8#
.#.#...###########
....... #.#######
#. #


There were no monsters in sight!

Vanquished Creatures
  A goblin (D:1)
  3 jackals (D:1)
  A quokka (D:1)
  A ball python (D:1)
  A rat (D:1)
7 creatures vanquished.

Notes
Turn   | Place    | Note
-------+----------+-------------------------------------------
     0 | D:1      | Alarkh the Demonspawn Chaos Knight began the quest for the
                  | Orb.
     0 | D:1      | Reached XP level 1. HP: 18/18 MP: 1/1
    50 | D:1      | XOM: silly message
   144 | D:1      | Found Qoad's General Store.
   160 | D:1      | Gained mutation: You may rarely emit foul miasma when
                  | damaged in melee. [demonic ancestry]
   160 | D:1      | Reached XP level 2. HP: 21/24 MP: 2/2
   187 | D:1      | XOM: divination: magic mapping
   192 | D:1      | XOM: 6-stop teleportation journey
   211 | D:$      | Got out of the dungeon alive.

Illustrated notes

Levels and vault maps discovered:
D:1:      lightli_arrival_noodles, layout_basic, serial_shops,
          nicolae_shop_rolling_square, nicolae_concentric_dashed_squares_mild

Skill      XL: |  1 |
---------------+----+-----
Unarmed Combat | 3 |  3.2
Fighting       | |  3.0
Armour         | |  1.7
Dodging        | |  0.8

Action                     || total
---------------------------++-------
  Melee: Unarmed           ||    33
         Punch             ||     1
 Armour: Leather armour    ||    12
  Dodge: Dodged            ||    19
